 Dungeon Crawl Stone Soup version 0.21-a0-625-g1119ec1 (webtiles) character file.

891 tidbits the Digger (level 8, -4/57 HPs)
             Began as a Gnoll Earth Elementalist on Dec 24, 2017.
             Slain by a scorpion (9 damage)
             ... in an ossuary.
             The game lasted 00:09:36 (1277 turns).

tidbits the Digger (Gnoll Earth Elementalist)       Turns: 1277, Time: 00:09:37

Health: -4/57      AC:  3    Str: 12    XL:     8   Next: 6%
Magic:  4/16       EV: 15    Int: 19    God:
Gold:   225        SH:  0    Dex: 15    Spells: 11/18 levels left

rFire    . . .     SeeInvis .   u - +1 broad axe (chop)
rCold    . . .     Gourm    .   (no shield)
rNeg     . . .     Faith    .   c - +0 robe
rPois    .         Spirit   .   a - +0 helmet
rElec    .         Reflect  .   (no cloak)
rCorr    .         Harm     .   (no gloves)
MR       .....                  (no boots)
Stlth    +++.......             (no amulet)
HPRegen  0.19/turn              (no ring)
MPRegen  0.15/turn              (no ring)

@: no status effects
A: distributed training, fangs 1, strong nose
a: no special abilities


You were in an ossuary.
You were not hungry.

You visited 1 branch of the dungeon, and saw 6 of its levels.
You also visited: Ossuary.

You collected 225 gold pieces.

Inventory:

Hand Weapons
 i - a cursed -2 dagger
 k - a +2 dagger of speed
   (You took it off a kobold on level 1 of the Dungeon)
 u - a +1 broad axe of chopping (weapon)
   (You found it on level 4 of the Dungeon)
 y - a +0 war axe
Missiles
 b - 66 stones (quivered)
Armour
 a - a +0 helmet (worn)
 c - a +0 robe (worn)
Wands
 s - a wand of paralysis (9)
Scrolls
 f - 3 scrolls of teleportation
 g - 2 scrolls of blinking {unknown}
 h - a scroll of immolation {unknown}
 j - a scroll of enchant weapon
 m - a scroll of magic mapping
 r - 2 scrolls of remove curse
 t - a scroll of enchant armour
Potions
 n - a potion of lignification {unknown}
 o - a potion of berserk rage {unknown}
 p - 2 potions of magic
 q - a potion of heal wounds
 v - 2 potions of curing
Books
 e - a book of Geomancy

   Spells                             Type                      Level
   a - Sandblast                      Earth                        1
   b - Passwall                       Transmutation/Earth          2
   c - Stone Arrow                    Conjuration/Earth            3
   d - Petrify                        Transmutation/Earth          4
   e - Lee's Rapid Deconstruction     Earth                        5
 w - a book of Necromancy
   (You found it on level 6 of the Dungeon)

   Spells                             Type                      Level
   a - Pain                           Necromancy                   1
   b - Animate Skeleton               Necromancy                   1
   c - Vampiric Draining              Necromancy                   3
   d - Regeneration                   Charms/Necromancy            3
   e - Animate Dead                   Necromancy                   4
   f - Borgnjor's Vile Clutch         Necromancy/Earth             5
Comestibles
 d - 10 rations
 x - a chunk of flesh


   Skills:
 + Level 2.8 Fighting
 + Level 2.8 Short Blades
 + Level 2.8 Long Blades
 + Level 2.8 Axes
 + Level 2.8 Maces & Flails
 + Level 2.8 Polearms
 + Level 2.8 Staves
 + Level 2.8 Slings
 + Level 2.8 Bows
 + Level 2.8 Crossbows
 + Level 2.8 Throwing
 + Level 2.8 Armour
 + Level 5.4 Dodging
 + Level 5.1 Stealth
 + Level 2.8 Shields
 + Level 2.8 Unarmed Combat
 + Level 5.8 Spellcasting
 + Level 2.3 Conjurations
 + Level 2.3 Hexes
 + Level 2.3 Charms
 + Level 2.3 Summonings
 + Level 2.3 Necromancy
 + Level 2.3 Translocations
 + Level 3.2 Transmutations
 + Level 2.3 Fire Magic
 + Level 2.3 Ice Magic
 + Level 2.3 Air Magic
 + Level 6.0 Earth Magic
 + Level 2.3 Poison Magic
 + Level 3.1 Invocations
 + Level 2.8 Evocations


You had 11 spell levels left.
You knew the following spells:

 Your Spells              Type           Power        Failure   Level  Hunger
a - Sandblast             Erth           ####..       1%          1    None
n - Animate Skeleton      Necr           N/A          4%          1    None
p - Passwall              Tmut/Erth      ###.......   2%          2    None
r - Regeneration          Chrm/Necr      ##........   13%         3    ##.....


Dungeon Overview and Level Annotations

Branches:
Dungeon (6/15)
 Temple: D:4-7

Altars:
Ashenzari
Gozag
Nemelex Xobeh
Wu Jian

Shops:
D:5 =


Innate Abilities, Weirdness & Mutations

Your experience applies equally to all skills.
You have very sharp teeth.
Your uncanny sense of smell can sniff out nearby items.


Message History

You hit the human zombie but do no damage.
The human zombie is almost destroyed.
The human zombie misses you. The human zombie closely misses you.
You slash the human zombie!
The human zombie is almost destroyed.
The human zombie barely misses you.
You hit the human zombie.
You destroy the human zombie!
You have reached level 8!
You feel stronger.
You slash the goblin zombie!
The goblin zombie is almost destroyed.
The goblin zombie hits you but does no damage.
The goblin zombie barely misses you.
You slash the goblin zombie!
You destroy the goblin zombie!
You hit the orc zombie.
The orc zombie is severely damaged.
The orc zombie barely misses you.
You barely miss the orc zombie.
The orc zombie is severely damaged.
The orc zombie closely misses you.
You slash the orc zombie!
You destroy the orc zombie!
There is an open door here.
What are your orders? t - Bark!
Orders for allies: a - Attack new target. r - Retreat! s - Stop attacking. g - Guard the area. f - Follow me.
Anything else - Cancel.
You bark for attention!
The centaur zombie closely misses you. The centaur zombie hits you.
There is an open door here.
You avoid triggering a needle trap.
There is a needle trap here.
You hit the centaur zombie.
The centaur zombie is lightly damaged.
The centaur zombie hits you.
* * * LOW HITPOINT WARNING * * *
The centaur zombie closely misses you.
You barely miss the centaur zombie.
The centaur zombie is lightly damaged.
The centaur zombie hits you!
* * * LOW HITPOINT WARNING * * *
The centaur zombie hits you.
* * * LOW HITPOINT WARNING * * *
Casting: Regeneration
Confirm with . or Enter, or press ? or * to list all spells.
Aiming: Sandblast
Press: ? - help, Shift-Dir - straight line, f - centaur zombie
Aim: a centaur zombie (lightly damaged)
The blast of sand hits the centaur zombie.
The centaur zombie is moderately damaged.
b - 70 stones The centaur zombie hits you.
* * * LOW HITPOINT WARNING * * *
Casting: Sandblast
Confirm with . or Enter, or press ? or * to list all spells.
Aiming: Sandblast
Press: ? - help, Shift-Dir - straight line, f/p - centaur zombie
Aim: a centaur zombie (moderately damaged)
The blast of sand hits the centaur zombie.
The centaur zombie is almost destroyed.
b - 69 stones The centaur zombie hits you.
* * * LOW HITPOINT WARNING * * *
Casting: Sandblast
Confirm with . or Enter, or press ? or * to list all spells.
Aiming: Sandblast
Press: ? - help, Shift-Dir - straight line, f/p - centaur zombie
Aim: a centaur zombie (almost destroyed)
The blast of sand hits the centaur zombie.
You destroy the centaur zombie!
Your Earth Magic skill increases to level 6!
b - 68 stones
Okay, then.
Casting: Sandblast
Confirm with . or Enter, or press ? or * to list all spells.
Aiming: Sandblast
Press: ? - help, Shift-Dir - straight line, f - scorpion
Aim: a scorpion The blast of sand hits the scorpion.
The scorpion is lightly wounded.
b - 67 stones The scorpion stings you.
* * * LOW HITPOINT WARNING * * *
Casting: Sandblast
Confirm with . or Enter, or press ? or * to list all spells.
Aiming: Sandblast
Press: ? - help, Shift-Dir - straight line, f/p - scorpion
Aim: a scorpion (lightly wounded)
The blast of sand hits the scorpion.
The scorpion is almost dead.
b - 66 stones You closely miss the scorpion.
The scorpion is almost dead.
The scorpion stings you!
You die...

#?.?#...8...#
#!.M#.......#
######8...8##
#...#.......#
#...'...8...#
#.^^#...#...#
##'#######'######## ##+#
#...#...#^..#.....#.....
#...8...#..@sZ....#.....
#.......#..s#.....8.....
##8...8######...........
#.......#?=M#...........
#...8...#?.?###8.....8#
#...#...#?.?#...........
######'###+##...........
#...#...# #.....8.....
#.∩.'.∩.# +.....#.....


You could see a mummy, 2 scorpions and a scorpion zombie.

Vanquished Creatures
  An ice beast (D:5)
  A sky beast (D:6)
  2 ogres
  A scorpion (Ossuary)
  A centaur zombie (Ossuary)
  A hound (D:2)
  2 centaur skeletons
  A human zombie (Ossuary)
  A bullfrog skeleton (D:6)
  An orc wizard (D:6)
  An iguana (D:4)
  5 worker ants
  A big kobold zombie (Ossuary)
  A hound skeleton (D:4)
  An adder (D:6)
  A scorpion zombie (Ossuary)
  A shadow imp (D:5)
  An adder zombie (D:5)
  An adder skeleton (D:6)
  3 worms
  3 leopard geckos
  12 orcs
  2 bats (D:2)
  A giant cockroach (D:6)
  3 goblins
  A hobgoblin (D:2)
  3 jackals (D:2)
  A quokka (D:4)
  A frilled lizard (D:4)
  2 goblin zombies (Ossuary)
  2 hobgoblin zombies (Ossuary)
  2 kobolds (D:1)
  A kobold zombie (Ossuary)
  An orc zombie (Ossuary)
  A quokka skeleton (D:5)
  3 rats
67 creatures vanquished.

Notes
Turn   | Place    | Note
-------+----------+-------------------------------------------
     0 | D:1      | tidbits the Gnoll Earth Elementalist began the quest for the Orb.
     0 | D:1      | Reached XP level 1. HP: 13/13 MP: 6/6
   109 | D:2      | Reached skill level 2 in Transmutations
   136 | D:2      | Reached XP level 2. HP: 20/20 MP: 4/7
   141 | D:2      | Learned a level 2 spell: Passwall
   271 | D:2      | Reached skill level 5 in Spellcasting
   271 | D:2      | Reached skill level 1 in Invocations
   271 | D:2      | Reached XP level 3. HP: 25/25 MP: 5/9
   293 | D:2      | Found a sparkling altar of Nemelex Xobeh.
   339 | D:2      | Reached skill level 1 in Fighting
   339 | D:2      | Reached skill level 1 in Short Blades
   339 | D:2      | Reached skill level 1 in Long Blades
   339 | D:2      | Reached skill level 1 in Axes
   339 | D:2      | Reached skill level 1 in Maces & Flails
   339 | D:2      | Reached skill level 1 in Polearms
   339 | D:2      | Reached skill level 1 in Staves
   339 | D:2      | Reached skill level 1 in Slings
   339 | D:2      | Reached skill level 1 in Bows
   339 | D:2      | Reached skill level 1 in Crossbows
   339 | D:2      | Reached skill level 1 in Throwing
   339 | D:2      | Reached skill level 1 in Armour
   339 | D:2      | Reached skill level 1 in Shields
   339 | D:2      | Reached skill level 1 in Unarmed Combat
   339 | D:2      | Reached skill level 1 in Evocations
   394 | D:3      | Reached XP level 4. HP: 32/32 MP: 7/11
   547 | D:4      | Reached skill level 1 in Conjurations
   547 | D:4      | Reached skill level 1 in Hexes
   547 | D:4      | Reached skill level 1 in Charms
   547 | D:4      | Reached skill level 1 in Summonings
   547 | D:4      | Reached skill level 1 in Necromancy
   547 | D:4      | Reached skill level 1 in Translocations
   547 | D:4      | Reached skill level 1 in Fire Magic
   547 | D:4      | Reached skill level 1 in Ice Magic
   547 | D:4      | Reached skill level 1 in Air Magic
   547 | D:4      | Reached skill level 1 in Poison Magic
   550 | D:4      | Reached XP level 5. HP: 37/37 MP: 6/12
   569 | D:4      | Found an opulent altar of Gozag.
   647 | D:4      | Noticed an ogre
   661 | D:4      | Killed an ogre
   661 | D:4      | Reached skill level 2 in Invocations
   661 | D:4      | Reached XP level 6. HP: 44/44 MP: 0/13
   664 | D:4      | Found a shattered altar of Ashenzari.
   689 | D:4      | Reached skill level 5 in Dodging
   706 | D:4      | Reached skill level 2 in Fighting
   706 | D:4      | Reached skill level 2 in Short Blades
   706 | D:4      | Reached skill level 2 in Long Blades
   706 | D:4      | Reached skill level 2 in Axes
   706 | D:4      | Reached skill level 2 in Maces & Flails
   706 | D:4      | Reached skill level 2 in Polearms
   706 | D:4      | Reached skill level 2 in Staves
   706 | D:4      | Reached skill level 2 in Slings
   706 | D:4      | Reached skill level 2 in Bows
   706 | D:4      | Reached skill level 2 in Crossbows
   706 | D:4      | Reached skill level 2 in Throwing
   706 | D:4      | Reached skill level 2 in Armour
   706 | D:4      | Reached skill level 2 in Shields
   706 | D:4      | Reached skill level 2 in Unarmed Combat
   706 | D:4      | Reached skill level 2 in Evocations
   823 | D:5      | Entered Level 5 of the Dungeon
   892 | D:5      | Found Iliufaud's Jewellery Emporium.
   965 | D:6      | Learned a level 3 spell: Regeneration
   968 | D:6      | Learned a level 1 spell: Animate Skeleton
  1051 | D:6      | Reached XP level 7. HP: 37/50 MP: 10/15
  1053 | D:6      | Found an ornate altar of the Wu Jian Council.
  1054 | D:6      | Found an opulent altar of Gozag.
  1078 | D:6      | Reached skill level 2 in Conjurations
  1078 | D:6      | Reached skill level 2 in Hexes
  1078 | D:6      | Reached skill level 2 in Charms
  1078 | D:6      | Reached skill level 2 in Summonings
  1078 | D:6      | Reached skill level 2 in Necromancy
  1078 | D:6      | Reached skill level 2 in Translocations
  1078 | D:6      | Reached skill level 3 in Transmutations
  1078 | D:6      | Reached skill level 2 in Fire Magic
  1078 | D:6      | Reached skill level 2 in Ice Magic
  1078 | D:6      | Reached skill level 2 in Air Magic
  1078 | D:6      | Reached skill level 2 in Poison Magic
  1132 | D:5      | Found a sand-covered staircase.
  1135 | D:5      | Reached skill level 5 in Stealth
  1167 | Ossuary  | Entered an ossuary
  1184 | Ossuary  | Reached skill level 3 in Invocations
  1253 | Ossuary  | Reached XP level 8. HP: 33/57 MP: 4/16
  1274 | Ossuary  | Reached skill level 6 in Earth Magic
  1275 | Ossuary  | HP: 5/57 [scorpion (2)]
  1277 | Ossuary  | Slain by a scorpion

Vault maps used:
D:1:      dpeg_cavernosity
D:2:      lemuel_coloured_pillars_altar, minmay_misc_feat_pillars
D:3:      wad_crossroads, regret_index_temple_of_mockery, first_ration
D:4:      evilmike_ruin_ashenzari, nicolae_gozag_cash_rules_everything_around_me
D:5:      nicolae_ossuary_entry_monument, serial_shops, shop_fountains
D:6:      grunt_temple_overflow_open
Ossuary:  ossuary_minmay_scorpions

Skill      XL: |  1  2  3  4  5  6  7  8 |
---------------+-------------------------+-----
Transmutations | 2 3 |  3.2
Spellcasting   | 5 |  5.8
Invocations    | 1 2 3 |  3.1
Fighting       | 1 2 |  2.8
Short Blades   | 1 2 |  2.8
Long Blades    | 1 2 |  2.8
Axes           | 1 2 |  2.8
Maces & Flails | 1 2 |  2.8
Polearms       | 1 2 |  2.8
Staves         | 1 2 |  2.8
Slings         | 1 2 |  2.8
Bows           | 1 2 |  2.8
Crossbows      | 1 2 |  2.8
Throwing       | 1 2 |  2.8
Armour         | 1 2 |  2.8
Shields        | 1 2 |  2.8
Unarmed Combat | 1 2 |  2.8
Evocations     | 1 2 |  2.8
Conjurations   | 1 2 |  2.3
Hexes          | 1 2 |  2.3
Charms         | 1 2 |  2.3
Summonings     | 1 2 |  2.3
Necromancy     | 1 2 |  2.3
Translocations | 1 2 |  2.3
Fire Magic     | 1 2 |  2.3
Ice Magic      | 1 2 |  2.3
Air Magic      | 1 2 |  2.3
Poison Magic   | 1 2 |  2.3
Dodging        | 5 |  5.4
Stealth        | 5 |  5.1
Earth Magic    | 6 |  6.0

Action                   |  1- 3 |  4- 6 |  7- 9 || total
-------------------------+-------+-------+-------++-------
Melee: Dagger            |     1 |    26 |       ||    27
       Bite              |       |     9 |     2 ||    11
       Broad axe         |       |    15 |    36 ||    51
       Punch             |       |       |     1 ||     1
 Cast: Sandblast         |    22 |    45 |    38 ||   105
       Passwall          |     3 |     4 |       ||     7
       Regeneration      |       |     1 |     1 ||     2
Evoke: Wand              |       |     1 |       ||     1
  Use: Scroll            |       |       |     9 ||     9
 Stab: Sleeping          |     1 |     1 |       ||     2
       Paralysed         |       |     2 |       ||     2
  Eat: Chunk             |       |       |     1 ||     1
Armor: Robe              |     1 |     6 |     6 ||    13
Dodge: Dodged            |     2 |    39 |    33 ||    74

Table legend:
 A = Spawn XP
 B = Non-spawn XP
 C = Spawn XP percentage of total XP
 D = Spawn monster count
 E = Non-spawn monster count
 F = Spawn count percentage of total count
 G = Total turns spent on level
                    A         B        C        D         E        F      G
               +---------+---------+-------+---------+---------+-------+---------
         Total |       0 |    1273 |   0.0 |       0 |      67 |   0.0 |  1277
               +---------+---------+-------+---------+---------+-------+---------
           D:1 |       0 |       6 |   0.0 |       0 |       4 |   0.0 |    96
           D:2 |       0 |      74 |   0.0 |       0 |      12 |   0.0 |   284
           D:3 |       0 |      24 |   0.0 |       0 |       9 |   0.0 |   153
           D:4 |       0 |     377 |   0.0 |       0 |      14 |   0.0 |   308
           D:5 |       0 |     193 |   0.0 |       0 |       5 |   0.0 |   145
           D:6 |       0 |     398 |   0.0 |       0 |      12 |   0.0 |   181
       Ossuary |       0 |     201 |   0.0 |       0 |      11 |   0.0 |   110
               +---------+---------+-------+---------+---------+-------+---------

Table legend:
 A = Turns spent in this place as a percentage of turns spent in the entire game.
 B = Non-inter-level travel turns spent in this place as a percentage of non-inter-level travel turns spent in the entire game.
 C = Inter-level travel turns spent in this place as a percentage of turns spent in this place.
 D = Turns resting spent in this place as a percentage of non-inter-level travel turns spent in this place.
 E = Turns spent auto-exploring this place as a percentage of non-inter-level travel turns spent in this place.
 F = Non-inter-level travel turns spent in this place divided by the number of levels of this place that you've seen.
                   A       B       C       D       E      F
               +-------+-------+-------+-------+-------+----------------------
         Total | 100.0 | 100.0 |   0.0 |   0.0 |   0.0 | 182.4
       Dungeon |  91.4 |  91.4 |   0.0 |   0.0 |   0.0 | 194.5
       Ossuary |   8.6 |   8.6 |   0.0 |   0.0 |   0.0 | 110.0
               +-------+-------+-------+-------+-------+----------------------

Table legend:
 A = Kills in this place as a percentage of kills in entire the game.
 B = Kills by you in this place as a percentage of kills by you in the entire game.
 C = Kills by friends in this place as a percentage of kills by friends in the entire game.
 D = Other kills in this place as a percentage of other kills in the entire game.
 E = Experience gained in this place as a percentage of experience gained in the entire game.
 F = Experience gained in this place divided by the number of levels of this place that you have seen.
                   A       B       C       D       E      F
               +-------+-------+-------+-------+-------+----------------------
         Total | 100.0 | 100.0 |   N/A |   N/A | 100.0 | 181.9
       Dungeon |  83.6 |  83.6 |   N/A |   N/A |  84.2 | 178.7
       Ossuary |  16.4 |  16.4 |   N/A |   N/A |  15.8 | 201.0
               +-------+-------+-------+-------+-------+----------------------

Vault maps used:
D:1:      dpeg_cavernosity
D:2:      lemuel_coloured_pillars_altar, minmay_misc_feat_pillars
D:3:      wad_crossroads, regret_index_temple_of_mockery, first_ration
D:4:      evilmike_ruin_ashenzari, nicolae_gozag_cash_rules_everything_around_me
D:5:      nicolae_ossuary_entry_monument, serial_shops, shop_fountains
D:6:      grunt_temple_overflow_open
Ossuary:  ossuary_minmay_scorpions
